 Dungeon Crawl Stone Soup version 0.30-a0-782-ge64f9170bb (webtiles) character file.

Game seed: 6544431547144374568

13199 Ceno the Skirmisher (level 12, -3/81 HPs)
             Began as a Barachi Hexslinger on Feb 19, 2023.
             Was a Believer of Sif Muna.
             Killed by the air
             ... invoked by a wind drake
              (8 damage)
             ... on level 1 of the Lair of Beasts.
             The game lasted 01:03:33 (15187 turns).

Ceno the Skirmisher (Barachi Hexslinger)           Turns: 15187, Time: 01:03:33

Health: -3/81      AC:  7    Str: 12    XL:     12   Next: 3%
Magic:  14/18      EV: 17    Int: 23    God:    Sif Muna [**....]
Gold:   708        SH:  5    Dex: 14    Spells: 1/19 levels left

rFire   + . .      SeeInvis .    K - +2 shortbow
rCold   . . .      Faith    .    (shield currently unavailable)
rNeg    . . .      Spirit   .    E - +0 leather armour {rF+}
rPois   .          Reflect  +    p - +0 helmet
rElec   +          Harm     .    (no cloak)
rCorr   .          Rampage  .    (no gloves)
Will    .....                    j - +2 pair of boots
Stlth   ++                       c - amulet of Etsadwuf {Reflect rElec SH+5}
HPRegen 0.33/turn                P - +6 ring of intelligence
MPRegen 0.16/turn                M - +5 ring of evasion

@: unable to hop, slow
A: amphibious, slowness 1, strong legs 1, +LOS
a: Hop, Renounce Religion, Channel Magic


You were on level 1 of the Lair of Beasts.
You worshipped Sif Muna.
Sif Muna was pleased with you.
You visited 3 branches of the dungeon, and saw 13 of its levels.
You also visited: Sewer and Bailey.

You collected 708 gold pieces.

Inventory:

Hand Weapons
 a - a +2 sling
 K - a +2 shortbow (weapon)
Missiles
 h - 9 poisoned darts
Armour
 j - a +2 pair of boots (worn)
 p - a +0 helmet (worn)
 E - a +0 leather armour of fire resistance (worn)
Jewellery
 c - the amulet of Etsadwuf (around neck) {Reflect rElec SH+5}
   (You acquired it on level 2 of the Lair of Beasts)

   [amulet of reflection]

   It reflects blocked missile attacks.
   rElec:     It insulates you from electricity.
   SH:        It affects your SH (+5).
 G - a ring of positive energy
 L - a ring of positive energy
 M - a +5 ring of evasion (right hand)
 N - an amulet of guardian spirit
 P - a +6 ring of intelligence (left hand)
Wands
 y - a wand of flame (20)
 B - a wand of mindburst (15) (quivered)
 J - a wand of roots (10)
Scrolls
 b - a scroll of poison
 e - a scroll of brand weapon {unknown}
 f - a scroll of butterflies
 g - a scroll of blinking
 i - 6 scrolls of teleportation
 q - 2 scrolls of vulnerability
 r - 2 scrolls of magic mapping {unknown}
 x - a scroll of enchant armour
 C - a scroll of silence {unknown}
 D - a scroll of amnesia {unknown}
 I - a scroll of fog {unknown}
 O - 2 scrolls of enchant weapon
 Q - a scroll of acquirement
 R - a scroll of immolation {unknown}
Potions
 d - 3 potions of haste
 k - a potion of magic {unknown}
 l - 3 potions of lignification
 m - a potion of berserk rage {unknown}
 n - a potion of resistance {unknown}
 o - a potion of brilliance {unknown}
 s - 6 potions of flight
 u - 3 potions of mutation
 v - 7 potions of curing
 w - a potion of cancellation {unknown}
 z - a potion of attraction {unknown}
 A - 2 potions of ambrosia
 F - 2 potions of might {unknown}
 H - 2 potions of invisibility {unknown}


   Skills:
 + Level 3.5 Fighting
 + Level 10.0 Ranged Weapons
 - Level 2.1 Dodging
 - Level 3.0 Stealth
 - Level 4.0 Spellcasting
 - Level 8.6 Hexes
 + Level 8.9 Summonings
 - Level 5.0 Translocations
 - Level 5.0 Fire Magic
 - Level 6.0 Ice Magic
 + Level 6.7 Invocations


You had one spell level left.
You knew the following spells:

 Your Spells              Type           Power      Damage    Failure   Level
a - Slow                  Hex            100%       N/A       1%          1
b - Inner Flame           Hex/Fire       35%        N/A       2%          3
c - Portal Projectile     Hex/Tloc       70%        N/A       2%          3
d - Cause Fear            Hex            22%        N/A       3%          4
e - Summon Ice Beast      Ice/Summ       38%        N/A       6%          4
q - Summon Guardian Gole  Hex/Summ       44%        N/A       1%          3

Your spell library contained the following spells:

 Spells                   Type           Power      Damage    Failure   Level
 Summon Small Mammal      Summ           100%       N/A       1%          1
 Foxfire                  Conj/Fire      64%        2x1d7     4%          1
 Ensorcelled Hibernation  Hex/Ice        76%        N/A       1%          2
 Call Canine Familiar     Summ           45%        N/A       1%          3
 Scorch                   Fire           54%        2d8       2%          2
 Frozen Ramparts          Ice            64%        1d10      3%          3
 Manifold Assault         Tloc           27%        N/A       17%         4
 Cigotuvi's Dreadful Rot  Necr/Pois/Air  8%         N/A       21%         2
 Passwall                 Tmut/Erth      3%         N/A       21%         2
 Swiftness                Air            4%         N/A       36%         3
 Ice Form                 Ice/Tmut       18%        N/A       36%         4
 Flame Wave               Conj/Fire      16%        2d7       43%         4
 Summon Cactus Giant      Summ           22%        N/A       47%         6
 Dispel Undead            Necr           4%         3d7       78%         4
 Fireball                 Conj/Fire      8%         3d6       78%         5
 Dispersal                Tloc           13%        N/A       95%         6
 Death Channel            Necr           2%         N/A       100%        6
 Starburst                Conj/Fire      8%         6d4       100%        6
 Disjunction              Tloc           13%        N/A       100%        8


Dungeon Overview and Level Annotations

Branches:
Dungeon (10/15)            Temple (1/1) D:5            Lair (2/5) D:9
 Shoals (0/4) Lair:2        Sewer (visited)          Bailey (visited)
  Snake: Lair:2-3    Spider: Lair:2-3       Orc: D:9-12

Altars:
Ashenzari
Cheibriados
Dithmenos
Elyvilon
Fedhas
Gozag
Hepliaklqana
Kikubaaqudgha
Makhleb
Nemelex Xobeh
Okawaru
Qazlal
Ru
Sif Muna
Trog
Uskayaw
Vehumet
Wu Jian
Xom
Yredelemnul
Zin
The Shining One

Shops:
D:2 [(((   D:5 *   D:6 (   D:7 (

Annotations:
D:9 3 runed translucent doors, Amaemon; monoptic's ghost, journeyman TrBe
Lair:1 3 runed translucent doors, Ischil Seap's ghost, journeyman DsFi
Lair:2 Gastronok


Innate Abilities, Weirdness & Mutations

You are amphibious.
You cover ground slowly.
You can hop short distances.
You have an extended range of vision and can be seen from far away.


Message History

* * * LOW HITPOINT WARNING * * *
Aiming: Mindburst
Press: ? - help, Q - select action, (/) - cycle Shift-Dir - straight line, f/p - wind drake
Aim: a wind drake (lightly wounded, repelling missiles, catching its breath, ally target, chance to affect: 47%)
The wind drake resists with some effort.
The wind drake flaps its wings at you. The air twists around and strikes you!
* * * LOW HITPOINT WARNING * * *
You feel much better. You block the wind drake's attack.
Aiming: Mindburst
Press: ? - help, Q - select action, (/) - cycle Shift-Dir - straight line, f/p - wind drake
Aim: a wind drake (lightly wounded, repelling missiles, ally target, chance to affect: 47%)
The wind drake's mind is blasted!
The wind drake misses you. The wind drake bites you.
* * * LOW HITPOINT WARNING * * *
Aiming: Mindburst
Press: ? - help, Q - select action, (/) - cycle Shift-Dir - straight line, f/p - wind drake
Aim: a wind drake (moderately wounded, repelling missiles, ally target, chance to affect: 47%)
The wind drake resists with some effort.
The wind drake flaps its wings at you. The air twists around and strikes you!
* * * LOW HITPOINT WARNING * * *
The yak gores your ice beast.
Okay, then.
Your legs are too worn out to hop.
You shoot an arrow. The arrow hits the wind drake!
The wind drake is heavily wounded.
You block the wind drake's attack. The yak misses your ice beast.
You shoot an arrow.
The arrow closely misses the wind drake.
The wind drake bites you but does no damage.
The yak closely misses your ice beast.
Okay, then.
Aiming: Mindburst
Press: ? - help, Q - select action, (/) - cycle Shift-Dir - straight line, f/p - wind drake
Aim: a wind drake (heavily wounded, repelling missiles, ally target, chance to affect: 47%)
The wind drake resists with some effort.
The wind drake flaps its wings at you. The air twists around and strikes you!
You die...

### ###
###########.######.###
#....@k9YY............
#....######...>.......
#....# #P..9..#####.
#....# #.....+......
##....# ##....#....#.
#.....## ##.........#.
##....P####.....#....#.
#..............#....#.
#.########.....#....#>


You could see a wind drake (repels missiles, ally target), a yak (distracted), a
friendly guardian golem (summoned) and a friendly ice beast (summoned,
sheltered).

Vanquished Creatures
  Pikel (D:5)
  A manticore (Lair:2)
  2 cane toads
  An orange demon (D:9)
  Maggie (D:8)
  A rime drake (Lair:1)
  6 komodo dragons
  2 blink frogs (Lair:1)
  Sigmund (D:4)
  A wyvern (Lair:1)
  2 basilisks (Lair:1)
  26 yaks
  Eustachio (D:4)
  An acid dragon (D:8)
  Duvessa (D:5)
  2 water moccasins
  9 orc warriors
  5 black bears
  A sky beast (D:5)
  3 ogres (D:6)
  3 centaurs
  A phantom (D:5)
  12 bullfrogs
  A necrophage (D:5)
  A scorpion (D:9)
  A wight (D:9)
  Dowan (D:5)
  3 killer bees (D:9)
  A crimson imp (D:5)
  2 hounds (D:5)
  5 iguanas
  5 jellies
  A gnoll bouda (D:6)
  2 orc priests
  3 orc wizards
  A malarious merfolk avatar (Sewer)
  A sickly merfolk siren (Sewer)
  Robin (D:2)
  8 gnolls
  10 adders
  3 river rats (Sewer)
  3 shadow imps
  An ufetubus (D:6)
  3 worms
  2 dart slugs
  35 orcs
  10 bats
  4 endoplasms
  5 giant cockroaches
  9 hobgoblins
  6 kobolds
  10 quokkas
  11 ball pythons
  5 frilled lizards (Sewer)
  17 goblins
  33 rats
288 creatures vanquished.

Vanquished Creatures (collateral kills)
  A blink frog (Lair:1)
1 creature vanquished.

Vanquished Creatures (others)
  A water moccasin (Lair:1)
  A gnoll (D:7)
  52 fungi
  40 plants
94 creatures vanquished.

Grand Total: 383 creatures vanquished

Notes
Turn   | Place    | Note
-------+----------+-------------------------------------------
     0 | D:1      | Ceno the Barachi Hexslinger began the quest for the Orb.
     0 | D:1      | Reached XP level 1. HP: 15/15 MP: 2/2
   229 | D:1      | Reached XP level 2. HP: 15/21 MP: 1/3
   512 | D:1      | Reached XP level 3. HP: 27/27 MP: 4/4
   747 | D:1      | Learned a level 3 spell: Inner Flame
   800 | D:2      | Reached skill level 3 in Ranged Weapons
   807 | D:2      | Found Tijomide's Antique Weapon Emporium.
   856 | D:2      | Found Xumnefom's Armour Shoppe.
   951 | D:2      | Reached XP level 4. HP: 34/34 MP: 3/5
   978 | D:2      | Reached skill level 1 in Fire Magic
  1132 | D:2      | Noticed Robin
  1141 | D:2      | Killed Robin
  1261 | D:2      | Found Hohosaf's Weapon Emporium.
  1381 | D:2      | Found Sadafi's Weapon Boutique.
  1513 | D:3      | Found a glowing drain.
  1613 | D:3      | Reached XP level 5. HP: 15/40 MP: 6/6
  1718 | Sewer    | Entered a sewer
  1843 | Sewer    | Reached XP level 6. HP: 45/47 MP: 5/7
  2496 | D:3      | Reached skill level 4 in Ranged Weapons
  2767 | D:4      | Noticed Sigmund
  2774 | D:4      | Killed Sigmund
  2775 | D:4      | Reached skill level 5 in Hexes
  2775 | D:4      | Reached XP level 7. HP: 43/52 MP: 1/8
  3779 | D:5      | Entered Level 5 of the Dungeon
  3795 | D:5      | Found Kuovat's Neck Hole.
  3910 | D:5      | Reached skill level 5 in Fire Magic
  3945 | D:5      | Noticed Eustachio
  4297 | D:3      | Learned a level 3 spell: Portal Projectile
  4337 | D:4      | Killed Eustachio
  4338 | D:4      | Reached skill level 1 in Translocations
  4459 | D:5      | Reached skill level 5 in Ranged Weapons
  4459 | D:5      | Reached XP level 8. HP: 58/58 MP: 6/10
  4491 | D:5      | Noticed Duvessa
  4501 | D:5      | Noticed Dowan
  4502 | D:5      | Killed Duvessa
  4508 | D:5      | Killed Dowan
  4636 | D:5      | Found a shimmering blue altar of Sif Muna.
  4716 | D:5      | Became a worshipper of Sif Muna the Loreminder
  4756 | D:5      | Found a burning altar of Makhleb.
  5044 | D:5      | Found a staircase to the Ecumenical Temple.
  5057 | Temple   | Entered the Ecumenical Temple
  5067 | Temple   | Learned a level 4 spell: Cause Fear
  5599 | D:6      | Noticed Pikel
  5642 | D:5      | Killed Pikel
  5643 | D:5      | Reached skill level 6 in Ranged Weapons
  5643 | D:5      | Reached XP level 9. HP: 34/63 MP: 1/15
  6011 | D:6      | Found Moni's Weapon Shoppe.
  6068 | D:5      | Reached * piety under Sif Muna
  6445 | D:6      | Reached skill level 5 in Translocations
  6541 | D:6      | Reached skill level 1 in Invocations
  6882 | D:7      | Found a hide-covered altar of Uskayaw.
  6962 | D:7      | Found Temapreve's Weapon Shop.
  7005 | D:6      | Reached skill level 1 in Summonings
  7187 | D:7      | Reached skill level 7 in Ranged Weapons
  7567 | D:7      | Reached XP level 10. HP: 68/70 MP: 5/16
  8177 | D:7      | Found a sparkling altar of Nemelex Xobeh.
  8177 | D:7      | Found a glowing silver altar of Zin.
  8178 | D:7      | Found an ornate altar of the Wu Jian Council.
  8499 | D:7      | Found a basalt altar of Yredelemnul.
  8616 | D:8      | Found a flagged portal.
  8619 | D:8      | Noticed Maggie
  8625 | D:8      | Killed Maggie
  8626 | D:8      | Reached skill level 1 in Stealth
  8654 | Bailey   | Entered a bailey
  8755 | Bailey   | Reached ** piety under Sif Muna
  8907 | Bailey   | Identified the +5 plate armour of Going Fast {Harm Dex+5}
  9229 | Bailey   | Reached skill level 8 in Ranged Weapons
  9336 | Bailey   | Found the +3 giant club "Skullcrusher" {speed, Str+7}
  9339 | Bailey   | Identified the -2 pair of boots of the Planets {rElec rC-
                  | Dex+5}
  9506 | D:8      | Reached skill level 5 in Summonings
  9958 | D:9      | Noticed an orange demon
  9961 | D:9      | Noticed Amaemon
  9968 | D:9      | Killed an orange demon
 10171 | D:9      | Reached skill level 1 in Ice Magic
 10314 | D:9      | Found an ancient bone altar of Kikubaaqudgha.
 10455 | D:9      | Found a staircase to the Lair.
 10501 | D:8      | Reached skill level 5 in Invocations
 10501 | D:8      | Reached XP level 11. HP: 23/75 MP: 1/17
 11147 | D:8      | Learned a level 4 spell: Summon Ice Beast
 11228 | D:9      | Found a sacrificial altar of Ru.
 11263 | D:9      | Found a runed translucent gate.
 11263 | D:9      | Found an opulent altar of Gozag.
 11263 | D:9      | Noticed a skeletal warrior
 11263 | D:9      | Noticed monoptic's ghost (journeyman TrBe)
 11264 | D:9      | Found a runed translucent gate.
 11264 | D:9      | Found a runed translucent gate.
 11379 | D:9      | Reached skill level 9 in Ranged Weapons
 12265 | D:10     | Entered Level 10 of the Dungeon
 12684 | Lair:1   | Entered Level 1 of the Lair of Beasts
 12966 | Lair:1   | Learned a level 3 spell: Summon Guardian Golem
 12967 | Lair:1   | Found a runed translucent gate.
 12967 | Lair:1   | Found a runed translucent gate.
 13008 | Lair:1   | Found a runed translucent gate.
 13047 | Lair:1   | Noticed Ischil Seap's ghost (journeyman DsFi)
 13482 | Lair:1   | Reached skill level 5 in Ice Magic
 14250 | Lair:2   | Noticed Gastronok
 14251 | Lair:2   | Reached *** piety under Sif Muna
 14433 | Lair:2   | Identified 2 scrolls of acquirement
 14433 | Lair:2   | Acquired the amulet of Etsadwuf {Reflect rElec SH+5}
 14653 | Lair:2   | Noticed a manticore
 14666 | Lair:2   | Killed a manticore
 14990 | Lair:2   | Found a staircase to the Shoals.
 15030 | Lair:2   | Reached skill level 10 in Ranged Weapons
 15030 | Lair:2   | Reached XP level 12. HP: 69/81 MP: 14/18
 15181 | Lair:1   | HP: 1/81 [wind drake/the air (11)]
 15187 | Lair:1   | Killed from afar by a wind drake

Illustrated notes

Levels and vault maps discovered:
D:1:      evilmike_arrival_crescent, layout_basic, nrook_mini_backslash
D:2:      layout_rooms, serial_shops, shop, shop, shop, shop, uniq_robin
D:3:      layout_loops_cross, cheibrodos_sewer_entry_sluice
D:4:      layout_loops_ring, nicolae_ossuary_entry_plus,
          kennysheep_generic_room_6, uniq_sigmund
D:5:      layout_gridville, lemuel_blue_sif_altar, makhleb_grotto_becter,
          minmay_temple_entry_proselytizer, nicolae_shop_sticking_my_neck_out,
          uniq_duvessa, uniq_eustachio
D:6:      layout_rooms, serial_shops, shop, uniq_pikel
D:7:      layout_basic, nicolae_uskayaw_dance_hall,
          nicolae_overflow_quartered_altars, serial_shops,
          nicolae_shop_waterfront, hangedman_decor_clover_reticule,
          serial_bayou_pond_e
D:8:      layout_rooms, enter_bailey_5, uniq_maggie
D:9:      layout_grid_maze, kiku_gazebo_pond_becter, kennysheep_mini_moat,
          due_lair_maze_entry_diamond, ebering_ghost_gozag, uniq_amaemon
D:10:     cheibrodos_breeding_chamber, layout_cave_pools, serial_column_ruins,
          column_ruins_open_small, column_ruins_columns_straight,
          column_ruins_grid_2, column_ruins_columns_straight,
          column_ruins_columns_corner
Temple:   nicolae_temple_figure_eight
Lair:1:   layout_chaotic_city, gammafunk_ghost_split
Lair:2:   layout_chaotic_city, minmay_shoals_entry_beasts, grunt_megastairs_2,
          uniq_gastronok

Skill      XL: |  1  2  3  4  5  6  7  8  9 10 11 |
---------------+----------------------------------+-----
Fighting       | 2 3 |  3.5
Ranged Weapons | 3 4 5 6 7 8 10 | 10.0
Fire Magic     | 1 2 4 5 |  5.0
Hexes          | 4 5 7 8 |  8.6
Translocations | 1 4 5 |  5.0
Spellcasting   | 4 |  4.0
Invocations    | 2 5 6 |  6.7
Summonings     | 3 6 8 |  8.9
Stealth        | 3 |  3.0
Ice Magic      | 2 6 |  6.0
Dodging        | |  2.1

Action                     |  1- 3 |  4- 6 |  7- 9 | 10-12 || total
---------------------------+-------+-------+-------+-------++-------
   Fire: Sling             |   124 |   272 |   251 |       ||   647
         Shortbow          |       |       |     9 |   481 ||   490
  Throw: Dart              |       |     6 |       |     6 ||    12
   Cast: Slow              |    16 |    17 |    41 |    40 ||   114
         Inner Flame       |       |     4 |    54 |    82 ||   140
         Portal Projectile |       |       |     4 |    12 ||    16
         Cause Fear        |       |       |     2 |    34 ||    36
         Summon Ice Beast  |       |       |       |     5 ||     5
         Summon Guardian G |       |       |       |     3 ||     3
 Invoke: Channel Magic     |       |       |       |     1 ||     1
Ability: Hop               |     6 |     6 |    18 |    33 ||    63
  Evoke: Wand              |       |       |       |    10 ||    10
    Use: Scroll            |     3 |       |     7 |     7 ||    17
         Potion            |       |       |     1 |     3 ||     4
 Armour: Leather armour    |    24 |    79 |    56 |    65 ||   224
  Dodge: Dodged            |    32 |   126 |    95 |   264 ||   517
  Block: Other             |       |       |       |    12 ||    12

Table legend: (Time is in decaauts)
 A = Elapsed time spent in this place.
 B = Non-inter-level travel time spent in this place.
 C = Inter-level travel time spent in this place.
 D = Time resting spent in this place.
 E = Time spent auto-exploring this place.
 F = Levels seen in this place.
 G = Mean time per level.
                   A        B        C        D        E       F      G
               +--------+--------+--------+--------+--------+-----+--------+
         Total |  16973 |  16016 |    957 |   4491 |   6324 |  15 | 1131.5 |
       Dungeon |  12826 |  11984 |    842 |   3091 |   5197 |  10 | 1282.6 |
        Temple |    272 |    230 |     42 |      0 |    216 |   1 |  272.0 |
          Lair |   2537 |   2464 |     73 |    985 |    697 |   2 | 1268.5 |
         Sewer |    541 |    541 |      0 |     38 |    190 |   1 |  541.0 |
        Bailey |    795 |    795 |      0 |    376 |     24 |   1 |  795.0 |
               +--------+--------+--------+--------+--------+-----+--------+

Top non-repeatable levels by time:
     D:9: 2154 daAuts
  Lair:1: 2151 daAuts
     D:6: 1736 daAuts
     D:4: 1586 daAuts
     D:8: 1561 daAuts
     D:5: 1555 daAuts
     D:7: 1474 daAuts
     D:3: 996 daAuts
     D:1: 872 daAuts
     D:2: 860 daAuts
  Bailey: 795 daAuts
   Sewer: 541 daAuts
  Lair:2: 386 daAuts
  Temple: 272 daAuts
    D:10: 29 daAuts
